 Dungeon Crawl Stone Soup version 0.22-b1-26-g9dbaab1 (webtiles) character file.

9 Goblin1989 the Sneak (level 2, -1/15 HPs)
             Began as a Spriggan Assassin on Aug 8, 2018.
             Slain by a gnoll
             ... wielding a +0 halberd
              (16 damage)
             ... on level 1 of the Dungeon.
             The game lasted 00:00:44 (205 turns).

Goblin1989 the Sneak (Spriggan Assassin)             Turns: 205, Time: 00:00:44

Health: -1/15      AC:  3    Str:  7    XL:     2   Next: 3%
Magic:  3/3        EV: 17    Int: 12    God:
Gold:   0          SH:  0    Dex: 17    Spells: 1/1 levels left

rFire    . . .     SeeInvis +   a - +2 dagger
rCold    . . .     Gourm    .   (shield restricted)
rNeg     . . .     Faith    .   c - +0 robe
rPois    .         Spirit   .   (helmet restricted)
rElec    .         Reflect  .   d - +0 cloak
rCorr    .         Harm     .   (gloves unavailable)
MR       .....                  (boots unavailable)
Stlth    +++.......             (no amulet)
HPRegen  0.05/turn              (no ring)
MPRegen  0.08/turn              (no ring)

@: very quick
A: very small, unfitting armour, see invisible, herbivore, speed 3, slow
metabolism 2
a: no special abilities


You were on level 1 of the Dungeon.
You were not hungry.

You visited 1 branch of the dungeon, and saw 1 of its levels.

Inventory:

Hand Weapons
 a - a +2 dagger (weapon)
 w - a +0 blowgun {@w1}
Missiles
 f - 2 curare-tipped needles
 g - 8 poisoned needles
Armour
 c - a +0 robe (worn)
 d - a +0 cloak (worn)
Scrolls
 y - a scroll of remove curse {unknown}
Potions
 x - a potion of agility {unknown}
Comestibles
 e - a ration


   Skills:
 + Level 1.7 Fighting
 * Level 2.5 Short Blades
 - Level 2.0 Throwing
 + Level 2.0 Dodging
 + Level 6.0 Stealth


You had one spell level left.
You didn't know any spells.
Your spell library was empty.

Dungeon Overview and Level Annotations

Branches:
Dungeon (1/15)

Altars:


Innate Abilities, Weirdness & Mutations

You are very small and have problems with some larger weapons.
You are too small for most types of armour.
You have supernaturally acute eyesight. (SInv)
You are a herbivore.
You cover ground extremely quickly.
You need to consume almost no food.


Message History

Key pressed, stopping explore.
HP restored.
x - a bubbling ruby potion Health restored: 10 You see here a bat corpse.
A bat comes into view.
A bat is nearby!
The helpless bat fails to defend itself.
You impale the bat!!
You kill the bat!
No target in view!
You see here a bat corpse.
Key pressed, stopping explore.
You open the large door.
There is a large open door here.
A goblin comes into view. It is wielding a club.
A goblin is nearby!
The helpless goblin fails to defend itself.
You impale the goblin!!
You kill the goblin!
Health restored: 11 No target in view!
No target in view!
No target in view!
No target in view!
No target in view!
No target in view!
No target in view!
No target in view!
No target in view!
No target in view!
No target in view!
No target in view!
No target in view!
No target in view!
Things that are here:
a club; a goblin corpse A bat comes into view.
A bat is nearby!
A bat is nearby!
The bat hits you but does no damage.
You hit the bat.
You kill the bat!
No target in view!
No target in view!
No target in view!
No target in view!
No target in view!
No target in view!
No target in view!
No target in view!
No target in view!
No target in view!
No target in view!
No target in view!
No target in view!
No target in view!
No target in view!
No target in view!
No target in view!
No target in view!
No target in view!
No target in view!
No target in view!
Key pressed, stopping explore.
A goblin comes into view. It is wielding a club.
The helpless goblin fails to defend itself.
You impale the goblin!!
You kill the goblin!
Your Stealth skill increases to level 6!
Unknown command.
Things that are here:
a club; a goblin corpse
y - a scroll labeled OGGOUNNIATE A gnoll comes into view.
It is wielding a halberd.
Unknown command.
A rat and a hobgoblin come into view.
You see here a scroll labeled MIQOIRPH XOLI.
The gnoll shouts!
The hobgoblin shouts!
The hobgoblin barely misses you.
You hit the hobgoblin.
The hobgoblin is heavily wounded.
The gnoll misses you. The hobgoblin completely misses you.
You hit the hobgoblin.
The hobgoblin is almost dead.
You closely miss the hobgoblin.
The hobgoblin is almost dead.
The hobgoblin misses you. The gnoll closely misses you.
You hit the hobgoblin.
You kill the hobgoblin!
Your Dodging skill increases to level 2!
You have reached level 2!
The gnoll completely misses you.
Health restored: 15; MP restored: 3 Unknown command.
You hit the gnoll.
The gnoll is lightly wounded.
The gnoll hits you with a halberd!
Ouch! That really hurt!
You die...

. ██..███...█.█
. █████....█.█
█.....█..
█.....█.█
██....█.█
██...█.███████
██......).....
..██..█?████....
........@g(.....
██....█†.....███


█████████████ You could see a gnoll.

Vanquished Creatures
  3 bats (D:1)
  3 goblins (D:1)
  A hobgoblin (D:1)
  A rat (D:1)
8 creatures vanquished.

Notes
Turn   | Place    | Note
-------+----------+-------------------------------------------
     0 | D:1      | Goblin1989 the Spriggan Assassin began the quest for the Orb.
     0 | D:1      | Reached XP level 1. HP: 10/10 MP: 2/2
   162 | D:1      | Reached skill level 6 in Stealth
   203 | D:1      | Reached XP level 2. HP: 15/15 MP: 3/3
   205 | D:1      | Slain by a gnoll

Skill      XL: |  1 |
---------------+----+-----
Stealth        | 6 |  6.0
Dodging        | 2 |  2.0
Fighting       | |  1.7
Short Blades   | |  2.5
Throwing       | |  2.0

Action                   || total
-------------------------++-------
Melee: Dagger            ||    18
 Stab: Sleeping          ||     3
Armor: Robe              ||     3
Dodge: Dodged            ||    16

Vault maps used:
D:1:      denvon_arrival_planthouse, minivault_19
